Cogmind - Beta 10.2 @@@ ROGUE MODE // 2020.12.03 @ 23:50:33 Player: aperiodic Result: Destroyed by 8R-AWN with 8R-AWN's Boregun Performance ------------- Evolutions (0) 0 Regions Visited (3) 600 Robots Destroyed (32) 160 Value Destroyed (791) 791 Prototype IDs (23) 460 Alien Tech Used (0) 0 Bonus (300) 300 TOTAL SCORE: 2311 Bonus ------- Aligned with FarCom 300 Cogmind --------- Core Integrity 0/250 Matter 277/300 Energy 100/100 System Corruption 0% Temperature Cool (0) Movement Treading (160) Location -10/Exiles Parts ------- > --- POWER (1) -------- (None) > --- PROPULSION (2) --- Light Treads > --- UTILITY (2) ------ (None) > --- WEAPON (2) ------- (None) > --- INVENTORY (4) ---- Mini Grenade Launcher Peak State ------------ > --- POWER ------------ Ion Engine > --- PROPULSION ------- Light Treads Light Treads > --- UTILITY ---------- High-capacity Storage Unit High-capacity Storage Unit > --- WEAPON ----------- Autogun Autogun > --- INVENTORY -------- Light Nuclear Core Light Treads Small Storage Unit Medium Storage Unit High-capacity Storage Unit High-capacity Storage Unit High-capacity Storage Unit Large Matter Pod Large Matter Pod Light Armor Plating Improved Light Armor Plating Hacking Suite Guided Plasma Cannon Heavy Assault Rifle Autogun Mini Grenade Launcher [Rating: 12] Favorites ----------- Power Ion Engine Engine Ion Engine Propulsion Light Treads Treads Light Treads Wheel Compact Wheel Utility Small Storage Unit Storage Small Storage Unit Protection Light Armor Plating Weapon Autogun Energy Gun Medium Laser Ballistic Gun Autogun Launcher Mini Grenade Launcher Build | -11 -10 -10 -10 ------- Run | Scr Mat Min Exi Slots Evolved . | . . . . Power . | . . . . Propulsion . | . . . . Utility . | . . . . Weapon . | . . . . Parts Attached 33 | 7 13 4 9 Power 4 | 1 2 1 . Engine 4 | 1 2 1 . Core . | . . . . Reactor . | . . . . Propulsion 11 | 2 6 2 1 Treads 9 | . 6 2 1 Leg . | . . . . Wheel 2 | 2 . . . Hover . | . . . . Flight . | . . . . Utility 6 | 1 1 . 4 Device . | . . . . Storage 4 | 1 1 . 2 Processor . | . . . . Hackware . | . . . . Protection 2 | . . . 2 Artifact . | . . . . Weapon 12 | 3 4 1 4 Energy Gun 1 | 1 . . . Energy Cannon . | . . . . Ballistic Gun 10 | 2 4 1 3 Ballistic Cannon . | . . . . Launcher 1 | . . . 1 Special Weapon . | . . . . Impact Weapon . | . . . . Slashing Weapon . | . . . . Piercing Weapon . | . . . . Special Melee Weapon . | . . . . Unidentified Prototypes . | . . . . Parts Lost 14 | . 1 4 9 Power 3 | . 1 1 1 Propulsion 4 | . . 2 2 Utility 2 | . . . 2 Weapon 5 | . . 1 4 Highest Loss Streak 9 | . 1 2 9 Average Slot Usage (%) 96 | . 96 95 98 Engine 13 | . 13 13 13 Treads 25 | . 27 23 27 Storage 25 | . 25 28 21 Protection 1 | . . . 5 Ballistic Gun 27 | . 27 28 27 Naked Turns . | . . . . Heaviest Build 75 | 11 17 19 75 Greatest Support 40 | 32 40 40 40 Greatest Overweight (x) 1 | . . . 1 Average Overweight (x) . | . . . . Largest Inventory Capacity 20 | 6 8 8 20 Average Capacity 10 | 4 7 8 15 Most Carried 16 | 4 8 8 16 Average Carried 7 | 3 7 6 10 Final Capacity 8 | 6 8 8 4 Final Carried 8 | 4 8 8 1 Class Distribution -------------------- 77% | Mutant 17% | Hauler-Mutant 5% | Scavenger-Mutant Dominant Class ---------------- Mutant | -10/Materials Mutant | -10/Mines Hauler-Mutant | -10/Exiles Resources | -11 -10 -10 -10 ----------- Run | Scr Mat Min Exi Matter Collected 1537 | 183 781 233 340 Remotely . | . . . . Salvage Created 1314 | . 1057 249 8 Parts 73 | . 63 10 . Haulers Intercepted 2 | . 2 . . Recyclers Shooed 2 | . 1 1 . Parts Field Recycled . | . . . . Retrieved Matter . | . . . . Parts Self-Destructed . | . . . . Prevented . | . . . . Kills | -11 -10 -10 -10 ------- Run | Scr Mat Min Exi Combat Hostiles Destroyed 26 | . 14 9 3 Guns 23 | . 14 9 . AOE 3 | . . . 3 Classes Destroyed 8 | . 7 1 . Worker 4 | . 3 1 . Builder 2 | . 2 . . Hauler 2 | . 2 . . Recycler 3 | . 3 . . Operator 1 | . 1 . . Watcher 2 | . 2 . . Grunt 18 | . 14 4 . Assembled 8 | . . 5 3 Best Kill Streak 4 | . 4 4 3 Combat Bots Only 4 | . 3 4 3 Max Kills in Single Turn 2 | . 2 1 2 Gunslinging . | . . . . Exploded 2 | . . . 2 Melee . | . . . . Uniques/NPCs Destroyed . | . . . . Combat | -11 -10 -10 -10 -------- Run | Scr Mat Min Exi Damage Taken 1671 | . 487 154 1030 Core 264 | . 63 10 191 Absorbed by Shields . | . . . . Core Remaining (%) 100 | 100 . . . Volleys Fired 139 | . 74 26 39 Largest 2 | . 2 2 2 Hottest 46 | . 46 46 46 Shots Fired 272 | . 148 52 72 Gun 270 | . 148 52 70 Cannon . | . . . . Launcher 2 | . . . 2 Special . | . . . . Kinetic 270 | . 148 52 70 Thermal . | . . . . Explosive 2 | . . . 2 Electromagnetic . | . . . . Robot Hit Streak 17 | . 13 10 17 Robot Miss Streak 3 | . 3 3 3 Penetration Max . | . . . . Secondary Targets 1 | . 1 . . Max Gunslinging Chain 1 | . 1 . . Shots Hit Robots 187 | . 98 31 58 Core Hits 69 | . 39 17 13 Critical Hits 1 | . 1 . . Critical Kills . | . . . . Critical Parts Destroyed 1 | . 1 . . Melee Attacks . | . . . . Impact . | . . . . Slashing . | . . . . Piercing . | . . . . Sneak Attacks . | . . . . Combat Hostiles . | . . . . Follow-up Attacks . | . . . . Damage Inflicted 2997 | . 1472 434 1091 Guns 2812 | . 1466 432 914 Cannons . | . . . . Explosions 177 | . . . 177 Melee . | . . . . Ramming 8 | . 6 2 . Kinetic 2812 | . 1466 432 914 Thermal . | . . . . Explosive 177 | . . . 177 Electromagnetic . | . . . . Impact . | . . . . Slashing . | . . . . Piercing . | . . . . Highest Corruption . | . . . . Average Corruption . | . . . . Corruption Purged . | . . . . Overload Shots . | . . . . Overflow Damage . | . . . . Projectiles . | . . . . Explosions . | . . . . Melee . | . . . . Knockbacks . | . . . . Impact . | . . . . Kinetic . | . . . . Secondary . | . . . . Self-Inflicted Damage . | . . . . Shots . | . . . . Rammed 3 | . 1 1 1 Targets Rammed 3 | . 1 1 1 Kicked . | . . . . Crushed . | . . . . Highest Temperature 65 | . 37 58 65 Average Temperature 14 | . 8 14 27 Received Heat Transfer 412 | . 273 139 . Siege Activations . | . . . . Robots Corrupted . | . . . . Combat Hostiles . | . . . . Parts Fried . | . . . . Impact Corruptions . | . . . . Robots Melted . | . . . . Combat Hostiles . | . . . . Parts Melted . | . . . . Heat Transferred . | . . . . Parts Sabotaged . | . . . . Parts Stolen . | . . . . Parts Stripped . | . . . . Power Chain Reactions . | . . . . Missiles Intercepted . | . . . . Alert | -11 -10 -10 -10 ------- Run | Scr Mat Min Exi Peak Influence 373 | . 373 210 . Initial 115 | . . 115 . Average 60 | . 154 20 . Maximum Alert Level 1 | . 1 1 . Low Security (%) 88 | 100 71 95 . Level 1 11 | . 28 4 . Level 2 . | . . . . Level 3 . | . . . . Level 4 . | . . . . Level 5 . | . . . . High Security . | . . . . Max Security . | . . . . Squads Dispatched 4 | . 4 . . Investigation 3 | . 3 . . Extermination . | . . . . Reinforcement 1 | . 1 . . Assault . | . . . . Garrison . | . . . . Intercept . | . . . . Construction Impeded . | . . . . Haulers Reinforced . | . . . . Stealth | -11 -10 -10 -10 --------- Run | Scr Mat Min Exi Distress Signals 6 | . 3 3 . Communications Jammed . | . . . . Distress Signals . | . . . . Times Spotted 46 | . 30 12 4 Peak Tracking Total 9 | . 5 2 9 Tactical Retreats 6 | . 4 2 . Traps | -11 -10 -10 -10 ------- Run | Scr Mat Min Exi Traps Triggered 3 | . 3 . . Indirectly . | . . . . Trap Hack Attempts . | . . . . Triggered . | . . . . Disarmed . | . . . . Reprogrammed . | . . . . Reused . | . . . . Traps Extracted . | . . . . Installed . | . . . . Triggered . | . . . . Exploded 3 | . . . 3 Machines | -11 -10 -10 -10 ---------- Run | Scr Mat Min Exi Machines Disabled 6 | . 3 . 3 Max in Single Turn 1 | . 1 . 1 Machines Sabotaged . | . . . . Garrisons Compromised . | . . . . Overloaded Fab Kills . | . . . . Fab Network Shutdowns . | . . . . Hacking | -11 -10 -10 -10 --------- Run | Scr Mat Min Exi Machines Accessed 10 | . 8 . 2 Terminals 6 | . 6 . . Fabricators . | . . . . Repair Stations . | . . . . Recycling Units 2 | . 2 . . Scanalyzers . | . . . . Garrison Access . | . . . . Total Hacks 19 | . 17 . 2 Successful 9 | . 7 . 2 Failed 10 | . 10 . . Catastrophic . | . . . . Database Lockouts . | . . . . Manual 13 | . 12 . 1 Terminals 14 | . 14 . . Fabricators . | . . . . Repair Stations . | . . . . Recycling Units 3 | . 3 . . Scanalyzers . | . . . . Garrison Access . | . . . . Terminal Hacks 3 | . 1 . 2 Record 1 | . . . 1 Locate Traps 1 | . 1 . . EX-Prototype ID Bank 1 | . . . 1 Fabricator Hacks . | . . . . Repair Station Hacks . | . . . . Recycling Unit Hacks . | . . . . Scanalyzer . | . . . . Garrison Access Hacks . | . . . . Unauthorized Hacks 6 | . 6 . . Terminals 4 | . 4 . . Track 1 | . 1 . . Assimilate 1 | . 1 . . Botnet 1 | . 1 . . Operators 1 | . 1 . . Fabricators . | . . . . Repair Stations . | . . . . Recycling Units 2 | . 2 . . Tunnel 2 | . 2 . . Scanalyzers . | . . . . Garrison Access . | . . . . Data Cores Recovered . | . . . . Used . | . . . . Hacking Detections 7 | . 7 . . Full Trace Events 1 | . 1 . . Feedback Events . | . . . . Feedback Blocked . | . . . . Robot Schematics Acquired . | . . . . Robots Built . | . . . . Matter . | . . . . Time . | . . . . Total Robot Build Rating . | . . . . Part Schematics Acquired . | . . . . Parts Built . | . . . . Matter . | . . . . Time . | . . . . Total Part Build Rating . | . . . . Parts Repaired . | . . . . Time . | . . . . Parts Recycled . | . . . . Recycled Matter . | . . . . Retrieved Matter . | . . . . Retrieved Components . | . . . . Parts Scanalyzed . | . . . . Part Schematics Acquired . | . . . . Parts Damaged . | . . . . Bothacking | -11 -10 -10 -10 ------------ Run | Scr Mat Min Exi Used RIF Installer . | . . . . Robots Hacked . | . . . . Non-combat . | . . . . Combat . | . . . . Robot Hacks Applied . | . . . . Relay Couplers Released . | . . . . Robots Rewired . | . . . . Allies Hacked . | . . . . Hacks Repelled . | . . . . Allies | -11 -10 -10 -10 -------- Run | Scr Mat Min Exi Total Allies . | . . . . Largest Group . | . . . . Highest-Rated Group . | . . . . Highest-Rated Ally . | . . . . Total Orders . | . . . . Ally Attacks . | . . . . Total Damage . | . . . . Kills . | . . . . Allies Corrupted . | . . . . Allies Melted . | . . . . Intel | -11 -10 -10 -10 ------- Run | Scr Mat Min Exi Robot Analysis Total . | . . . . Derelict Logs Recovered 1 | . . 1 . Drone Launches . | . . . . Drone Recoveries . | . . . . Exploration | -11 -10 -10 -10 ------------- Run | Scr Mat Min Exi Turns Passed 6173 | 47 1310 3054 1762 Spaces Moved 2193 | 44 642 619 888 Core 21 | 21 . . . Treads 2135 | . 628 619 888 Legs . | . . . . Wheels 37 | 23 14 . . Hover . | . . . . Flight . | . . . . Fastest Speed 50 | 50 100 160 160 Average Speed 165 | 76 158 160 178 Slowest Speed 180 | 100 160 160 180 Overloaded Moves . | . . . . Propulsion Burnouts . | . . . . Robots Hopped . | . . . . Cave-ins Triggered . | . . . . Exploration Rate (%) 65 | 3 95 93 70 Regions Visited 3 Branch Regions 2 Pre-discovered Areas 5 | . 2 2 1 Known Exits Taken . | . . . . Unknown Exits Taken 3 | 1 1 1 . Scrap Searched 1 | . . 1 . Spaces Dug . | . . . . Terrain Destroyed 12 | . . . 12 Melee . | . . . . Projectile . | . . . . AOE 12 | . . . 12 Terrain Rammed . | . . . . Walls Destroyed . | . . . . Machines Disabled . | . . . . Actions | -11 -10 -10 -10 --------- Run | Scr Mat Min Exi Total 4517 | 54 809 2643 1011 Wait 2087 | . 62 1979 46 Move 2190 | 43 641 618 888 Hop . | . . . . Pick Up 37 | 4 12 9 12 Fast Attach 14 | 6 7 1 . Attach 9 | . 3 3 3 Detach . | . . . . Swap 10 | 1 3 . 6 Drop 28 | . 6 6 16 Fire 139 | . 74 26 39 Melee . | . . . . Ram . | . . . . Kick . | . . . . Crush 3 | . 1 1 1 Escape Stasis . | . . . . Rewire . | . . . . Trap . | . . . . Miscellaneous . | . . . . Route ------- -11/Scrapyard -10/Materials (discovered 4 exits: [*Mat x3] / [*Min]) -10/Mines (discovered 3 exits: [*Mat x2] / *Exi) -10/Exiles (discovered 2 exits: [*Min x2]) History --------- Turn | Location | Event 9 | -11/Scrapyard | Discovered new exit (range 16) 48 | -11/Scrapyard | Entered Materials 293 | -10/Materials | Discovered new exit (range 4) 316 | -10/Materials | Build established: Mutant 548 | -10/Materials | Discovered new exit (range 12) 711 | -10/Materials | Discovered new exit (range 14) 1272 | -10/Materials | Discovered new exit (range 5) 1358 | -10/Materials | Entered Mines 1435 | -10/Mines | Learned location of Storage (-8) 1533 | -10/Mines | Learned location of Zion (-7) 1655 | -10/Mines | Assembled infested the area 1660 | -10/Mines | Assisted by a Guerilla fighting off Assembled 4299 | -10/Mines | Discovered new exit (range 9) 4316 | -10/Mines | Discovered new exit (range 12) 4328 | -10/Mines | Joined a pair of Derelicts in attacking an 0b10 outpost 4399 | -10/Mines | Deemed a non-threat by the Exiles lab entrance 4399 | -10/Mines | Discovered new exit (range 5) 4412 | -10/Mines | Entered Exiles 4433 | -10/Exiles | Discovered new exit (range 15) 4452 | -10/Exiles | Met 8R-AWN 4478 | -10/Exiles | Met EX-HEX 4571 | -10/Exiles | Met EX-DEC 4828 | -10/Exiles | Build established: Hauler-Mutant 4955 | -10/Exiles | Met EX-BIN 4976 | -10/Exiles | Aligned with FarCom system 4978 | -10/Exiles | Given EX-Vault access code 5021 | -10/Exiles | Opened EX-Vault 5034 | -10/Exiles | Found Gui. Plasma Cannon 5075 | -10/Exiles | Warned to stay clear of 0b10 Research branches 5197 | -10/Exiles | Discovered new exit (range 10) 5879 | -10/Exiles | Build established: Mutant 5983 | -10/Exiles | Attacked by the Exiles 6110 | -10/Exiles | Core integrity fell below 50% 6163 | -10/Exiles | Core integrity fell below 20% 6174 | -10/Exiles | Destroyed by 8R-AWN with 8R-AWN's Boregun Last Messages --------------- 06149_ Penetrated by HV Slug. 06153_ Critical hit. 06153_ Ion Engine destroyed. 06153_ Penetrated by HV Slug. 06157_ Destroyed Prototype Device. 06157_ Machine disabled. 06157_ Penetrated by HV Slug. 06157_ Critical hit. 06157_ Lgt. Treads destroyed. 06162_ Penetrated by HV Slug. 06162_ Critical hit. 06162_ Autogun destroyed. 06162_ Penetrated by HV Slug. 06166_ HV Slug penetrates Earth. 06170_ Penetrated by HV Slug. 06170_ Hvy. Assault Rifle destroyed. 06170_ Penetrated by HV Slug. 06171_ Extracted 150 matter. 06174_ Slammed into 8R-AWN. 06174_ Penetrated by HV Slug. Map ----- +----------------------------------------------------+ | ?????????????????????????????????????????????????? | | ?????????????????????????????????????????????????? | | ?????????????????????????????????????????????????? | | ?????????#####???????????????????????????????????? | | ????????## ##??????????????????????????????????? | | ????????# #??????????????????????????????????? | | ????????# !< #??????????????????????????????????? | | ????????# !!!!###????????????????????????????????? | | ????????# !! #????????????????????????????????? | | ????????# ##????????????????????????????????? | | ????????## ] #?????????????????????????????????? | | ?????????# ##????????????????????????????????? | | ?????????## #????????????#######?????????????? | | ??????????# #######??????#!!! "#?????????????? | | ??????????# #""##?????# "#?????????????? | | ??????????## #?????# "#?????????????? | | ???????????##" ##???## ""#????????????## | | ???????????#"" #####" ""#???????????? | | ???????????#### ##" ""#????????????" | | ??????????????## #" #####??????????" | | ???????????????#"## #?????????"" | | ???????????????####### # ##?????????"" | | ?????????????????????### # #????????? | | ???????????????######## # #?????????" | | ???????????????# !!"""" #?????????# | | ???????????????# !@g### ####???### | | ???????????????# * #?##" ""#####X# | | ???????????????# !!##??#" * | | ???????????????# """"" ;;; #?#"# | | ???????????????#########; ##?#### | | ???????????????????????## #?????### | | ???????????????????????? #???????### | | ????????????????????????# ##?????????## | | ???????????????????????? #???????????## | | ????????????????????????# #????????????##" | | ????????????????????????# #?????????????#""" | | ????????????????????????? #????????????##" | | ????????????????????????? ?????????????#"" | | ????????????????????????? ?????????????#""" | | ????????????????????????? ????????????#""" | | ????????????????????????? ????????????#""" | | ????????????????????????? ????????????#"" | | ????????????????????????? ????????????#""" | | ??????????????????????????????????????#"" | | ??????????????????????????????????????##"" | | ???????????????????????????????????????#"""" | | ???????????????????????????????????????## | | ????????????????????????????????????????#" | | ????????????????????????????????????????#"""" | | ????????????????????????????????????????#"" | +----------------------------------------------------+ Best States ------------- Heat Dissipation 25 Energy Generation 10 Energy Capacity 250 Matter Stores 300 Matter Capacity 300 Sight Range 16 Terrain Scan Density 10 Armor Coverage 300 Evasion (%) 50 Recoil Reduction 2 Item Schematics ----------------- None Robot Schematics ------------------ None Fabricated ------------ Nothing Alien Tech Used ----------------- None Achievements -------------- None Challenges ------------ None Game ------ Seed ThermalDisruptionCleaver Manual? 0 Play Time 00:41:18 Cumulative 175.3 hours Start 2020.12.02 @ 22:51:39 End 2020.12.03 @ 23:50:33 Sessions 3 Manual Loads 0 Difficulty Rogue Special Mode None Game No. 78 Rogue 74 Adventurer 4 Explorer 0 Win Type - Total 1 Types 1/0/0/0/0/0/0/0/0 Lore% 58 Gallery% 69 Achievement% 52 Wizard Run 0 Options --------- ASCII 1 Keyboard 0 Movement Arrows Keybinds 0 Fullscreen 1 Font 18/SmallcapsGlow Map View 76x50 Tactical HUD 1 Map Filters NONE Filters NONE Steam 1 RUN: 6c4f418b-9369-4943-ba0f-a96f0d02bd05